 Dungeon Crawl Stone Soup version 0.24.0-37-gcf1ca852f1 (webtiles) character file.

Game seed: 10797943552169860347, levelgen mode: deterministic

7 Descartes the Grasshopper (level 1, -1/9 HPs)
             Began as a Felid Warper on Nov 27, 2019.
             Slain by a hobgoblin
             ... wielding a +0 club
              (4 damage)
             ... on level 1 of the Dungeon.
             The game lasted 00:00:50 (509 turns).

Descartes the Grasshopper (Felid Warper)             Turns: 509, Time: 00:00:50

Health: -1/9       AC:  1    Str:  7    XL:     1   Next: 91%
Magic:  4/4        EV: 18    Int: 14    God:
Gold:   11         SH:  0    Dex: 15    Spells: 4/4 levels left
                                        Lives:  0   Deaths: 0

rFire    . . .     SeeInvis +     - Unarmed
rCold    . . .     Gourm    .   (shield unavailable)
rNeg     . . .     Faith    .   (armour unavailable)
rPois    .         Spirit   .   (helmet unavailable)
rElec    .         Reflect  .   (cloak unavailable)
rCorr    .         Harm     .   (gloves unavailable)
MR       .....                  (boots unavailable)
Stlth    ++........             (no amulet)
HPRegen  0.03/turn              (no ring)
MPRegen  0.09/turn              (no ring)

@: quick
A: very small, no armour, no weapons or thrown items, stealth, claws 1, fangs 3,
see invisible, carnivore, speed 1, shaggy fur 1, slow metabolism 1, sharp paws
a: no special abilities


You were on level 1 of the Dungeon.
You were not hungry.

You visited 1 branch of the dungeon, and saw 1 of its levels.

You collected 11 gold pieces.

Inventory:

Missiles
 d - 5 stones
Scrolls
 b - a scroll of blinking
 e - a scroll of teleportation {unknown}
Potions
 a - a potion of mutation {unknown}
 f - a potion of ambrosia {unknown}
Comestibles
 c - 2 rations


   Skills:
 + Level 2.1 Fighting
 + Level 3.3 Dodging
 + Level 0.6 Stealth
 * Level 2.3 Unarmed Combat
 + Level 2.1 Spellcasting
   Level 4.4 Translocations


You had 4 spell levels left.
You didn't know any spells.
Your spell library contained the following spells:

 Spells                   Type           Power        Failure   Level  Hunger
 Blink                    Tloc           N/A          6%          2    ###....
 Gell's Gravitas          Tloc           ##........   12%         3    ####...
 Lesser Beckoning         Tloc           ##........   12%         3    ####...
 Teleport Other           Tloc           ##......     12%         3    ####...
 Shroud of Golubria       Chrm/Tloc      #.....       14%         2    ###....
 Passage of Golubria      Tloc           N/A          36%         4    #####..


Dungeon Overview and Level Annotations

Branches:
Dungeon (1/15)

Altars:


Innate Abilities, Weirdness & Mutations

You cannot wear armour.
You are incapable of wielding weapons or throwing items.
Your paws allow you to move quietly. (Stealth)
You have sharp claws.
You have razor-sharp teeth.
You have supernaturally acute eyesight. (SInv)
You are carnivorous and can eat meat at any time.
You cover ground quickly.
You are covered in fur. (AC +1)
You have a slow metabolism.
Your sharp claws are effective at attacking unaware monsters.


Message History

Found a leather armour.
The hobgoblin shouts!
You scratch the frilled lizard but do no damage.
The frilled lizard closely misses you.
You scratch the frilled lizard.
You kill the frilled lizard!
The bat hits you. The bat closely misses you. The bat barely misses you.
You scratch the bat.
You kill the bat!
The hobgoblin barely misses you. The hobgoblin hits you with a +0 club.
Ouch! That really hurt!
You scratch the hobgoblin.
The hobgoblin is moderately wounded.
The hobgoblin closely misses you.
You scratch the hobgoblin but do no damage.
The hobgoblin is moderately wounded.
The hobgoblin hits you with a +0 club.
You die...

#.###..†..##.##
##....##.## #..#...... #
##..#...... ####
.###........... ##...#
#.#.###.#...... ##.[...##
#..# #.#......
#.......####..####.#..#...
#.......g@...........###..
#.......####..###.....#...
##.....## #............##
##...# #..##.......## ##.#
#..##.......# #.
#..##.......# #
#..##.......#
#..##.......#
...######.....#


You could see a hobgoblin.

Vanquished Creatures
  2 bats (D:1)
  A giant cockroach (D:1)
  A hobgoblin (D:1)
  A frilled lizard (D:1)
  2 kobolds (D:1)
7 creatures vanquished.

Notes
Turn   | Place    | Note
-------+----------+-------------------------------------------
     0 | D:1      | Descartes the Felid Warper began the quest for the Orb.
     0 | D:1      | Reached XP level 1. HP: 9/9 MP: 4/4
   509 | D:1      | Slain by a hobgoblin

Levels and vault maps discovered:
D:1:      minmay_arrival_hallway, layout_loops_ring

Action                   || total
-------------------------++-------
Melee: Unarmed           ||    34
       Bite              ||     1
  Eat: Chunk             ||     1
Dodge: Dodged            ||    36
